 Dungeon Crawl Stone Soup version 0.21-a0-356-g45b0a09 (webtiles) character file.

8818 tidbits the Infuser (level 11, 9/85 HPs)
             Began as a Gnoll Skald on Oct 12, 2017.
             Was an Elder of Cheibriados.
             Quit the game on level 10 of the Dungeon.
             The game lasted 00:29:26 (3574 turns).

tidbits the Infuser (Gnoll Skald)                   Turns: 3574, Time: 00:29:27

Health: 9/85       AC:  8    Str: 23    XL:     11   Next: 36%
Magic:  15/23      EV: 16    Int: 28    God:    Cheibriados [****..]
Gold:   295        SH:  6    Dex: 23    Spells: 16/26 levels left

rFire    + . .     SeeInvis .   N - +2 scimitar (holy)
rCold    . . .     Gourm    .   D - +0 buckler of Objectivity {rPois rCorr}
rNeg     . . .     Faith    .   B - +0 ring mail
rPois    +         Spirit   .   (no helmet)
rElec    .         Reflect  .   C - +0 cloak
rCorr    +         Harm     .   G - +0 pair of gloves
MR       .....                  (no boots)
Stlth    +++.......             (no amulet)
HPRegen  0.24/turn              u - ring of protection from fire
MPRegen  0.18/turn              (no ring)

@: very slightly contaminated, slowed, heavily drained, very slow
A: distributed training, fangs 1, strong nose
a: Bend Time, Temporal Distortion, Slouch, Renounce Religion


You were on level 10 of the Dungeon.
You worshipped Cheibriados.
Cheibriados was greatly pleased with you.
You were not hungry.

You visited 2 branches of the dungeon, and saw 11 of its levels.

You collected 453 gold pieces.
You spent 158 gold pieces at shops.

Inventory:

Hand Weapons
 a - a +0 hand axe of venom
   (You found it on level 1 of the Dungeon)
 x - a +0 quarterstaff
 K - a cursed +0 morningstar
 L - a +0 war axe
 N - a +2 scimitar of holy wrath (weapon)
   (You found it on level 7 of the Dungeon)
Missiles
 e - 88 sling bullets
 m - 64 bolts
 t - 155 arrows
 H - 10 tomahawks (quivered)
 T - 7 javelins
 W - 5 curare-tipped needles
 Y - a throwing net {!f}
Armour
 B - a +0 ring mail (worn)
 C - a +0 cloak (worn)
 D - the +0 buckler of Objectivity (worn) {rPois rCorr}
   (You found it on level 8 of the Dungeon)

   It protects you from poison.
   It protects you from acid and corrosion.
 G - a +0 pair of gloves (worn)
Magical Staves
 Q - an uncursed staff of cold {unknown}
   (You found it on level 6 of the Dungeon)
Jewellery
 u - a ring of protection from fire (left hand)
   (You found it on level 5 of the Dungeon)
Wands
 b - a wand of disintegration (13/24)
 p - a wand of paralysis (3/24)
 w - a wand of lightning (0/15)
 y - a wand of random effects (18/48)
 M - a wand of digging (10/24)
 U - a wand of acid (1/15)
Scrolls
 f - 2 scrolls of enchant armour {unknown}
 h - 2 scrolls of amnesia
 o - 5 scrolls of teleportation
 q - a scroll of immolation {unknown}
 r - 4 scrolls of remove curse
 s - 2 scrolls of magic mapping {unknown}
 v - 3 scrolls of fear
 z - a scroll of random uselessness {unknown}
 E - a scroll of vulnerability {unknown}
 O - 2 scrolls of noise {unknown}
 R - a scroll of recharging {unknown}
 X - 2 scrolls of fog
Potions
 j - a potion of haste {unknown}
 k - 3 potions of might
 n - 8 potions of curing
 A - 2 potions of heal wounds
 I - a potion of brilliance {unknown}
 J - a potion of ambrosia {unknown}
 P - 2 potions of invisibility
 V - 2 potions of berserk rage {unknown}
Books
 c - a book of Battle

   Spells                             Type                      Level
   a - Infusion                       Charms                       1
   b - Shroud of Golubria             Charms/Translocation         2
   c - Song of Slaying                Charms                       2
   d - Spectral Weapon                Hexes/Charms                 3
   e - Regeneration                   Charms/Necromancy            3
Comestibles
 d - 5 bread rations
 g - 5 royal jellies
 i - 8 fruits
 l - 5 chunks of flesh
 S - 5 meat rations


   Skills:
 + Level 7.7(6.4) Fighting
 + Level 6.1(4.8) Short Blades
 + Level 6.1(4.8) Long Blades
 + Level 7.7(6.4) Axes
 + Level 6.1(4.8) Maces & Flails
 + Level 6.1(4.8) Polearms
 + Level 6.1(4.8) Staves
 + Level 6.1(4.8) Slings
 + Level 6.1(4.8) Bows
 + Level 6.1(4.8) Crossbows
 + Level 6.1(4.8) Throwing
 + Level 6.7(5.4) Armour
 + Level 7.7(6.4) Dodging
 + Level 6.1(4.8) Stealth
 + Level 6.1(4.8) Shields
 + Level 6.1(4.8) Unarmed Combat
 + Level 8.0(6.6) Spellcasting
 + Level 6.1(4.8) Conjurations
 + Level 6.1(4.8) Hexes
 + Level 9.1(7.7) Charms
 + Level 6.1(4.8) Summonings
 + Level 6.1(4.8) Necromancy
 + Level 6.1(4.8) Translocations
 + Level 6.1(4.8) Transmutations
 + Level 6.1(4.8) Fire Magic
 + Level 6.1(4.8) Ice Magic
 + Level 6.1(4.8) Air Magic
 + Level 6.1(4.8) Earth Magic
 + Level 6.1(4.8) Poison Magic
 + Level 6.1(4.8) Invocations
 + Level 6.1(4.8) Evocations


You had 16 spell levels left.
You knew the following spells:

 Your Spells              Type           Power        Failure   Level  Hunger
g - Shroud of Golubria    Chrm/Tloc      #####.....   1%          2    None
r - Regeneration          Chrm/Necr      #####.....   1%          3    None
w - Spectral Weapon       Hex/Chrm       #####...     1%          3    None
y - Song of Slaying       Chrm           ######..     1%          2    None


Dungeon Overview and Level Annotations

Branches:
Dungeon (10/15)            Temple (1/1) D:5            Lair (0/6) D:9
    Orc: D:9-12

Altars:
Cheibriados
Dithmenos
Gozag
Hepliaklqana
Okawaru
Ru
Trog
Uskayaw
Vehumet
Wu Jian
Xom
Zin
The Shining One

Shops:
D:4 }*   D:8 *

Annotations:
D:3 Ijustatesigmund's ghost, amateur SpEn
D:10 Josephine


Innate Abilities, Weirdness & Mutations

Your experience applies equally to all skills.
You have very sharp teeth.
Your uncanny sense of smell can sniff out nearby items.


Message History

The adder barely misses you.
You slash the adder! You bite the adder, but do no damage.
The adder is severely wounded.
Your spectral weapon hits the adder!
You kill the adder!
Cheibriados thoroughly appreciates the change of pace.
You can now inflict damage on those overly hasty.
Cheibriados raises the support of your attributes as your movement slows.
Your spectral weapon fades away.
You see here 17 gold pieces.
You now have 280 gold pieces (gained 17).
An adder comes into view.
Found 15 gold pieces.
Casting: Spectral Weapon
Confirm with . or Enter, or press ? or * to list all spells.
You draw out your weapon's spirit!
The adder hisses angrily.
You barely miss the adder.
Your spectral weapon hits the adder!
The adder completely misses you.
You slash the adder!
You kill the adder!
Cheibriados appreciates the change of pace.
You swap places.
You see here 15 gold pieces.
You now have 295 gold pieces (gained 15).
Evoke which item? (* to show all) (? for menu, Esc to quit)
Aiming: Dig
Press: ? - help, Shift-Dir - straight line, f - you The rock shatters into small pieces.
This wand has 10 charges left. 4 wraiths and Josephine come into view.
Josephine shouts!
Found 23 gold pieces.
Found a stone staircase leading down.
Wield which item (- for none, * to show all)? (? for menu, Esc to quit)
That's the wrong kind of item! (Use * to select it.) Wield which item (- for none, * to show all)? (? for menu, Esc to quit)
Okay, then.
Wield which item (- for none, * to show all)? (? for menu, Esc to quit)
Your +0 hand axe of venom stops dripping with poison.
Your spectral weapon disappears as you unwield.
Your +2 scimitar of holy wrath softly glows with a divine radiance!
N - a +2 scimitar of holy wrath (weapon)
The wraith moves out of view.
The wraith misses you.
You riposte.
You slash the wraith!
The wraith convulses!
You bite the wraith, but do no damage.
The wraith is severely damaged.
Casting: Spectral Weapon
Confirm with . or Enter, or press ? or * to list all spells.
You miscast Spectral Weapon.
You are very lightly contaminated with residual magic.
Multicoloured lights dance before your eyes!
The wraith hits you but does no damage.
Casting: Spectral Weapon
Confirm with . or Enter, or press ? or * to list all spells.
You draw out your weapon's spirit!
Josephine casts a spell at you.
The ghostly flame explodes!
The ghostly fireball engulfs the wraith.
The wraith completely resists.
The ghostly fireball engulfs you!
You feel drained.
The ghostly fireball engulfs Josephine.
Josephine completely resists.
Josephine hits you with a dagger. The wraith hits your spectral weapon.
Your spectral weapon shares its damage with you!
The wraith drains your spectral weapon's vigour!
Your spectral weapon seems to slow down.
Josephine points at you and mumbles some strange words.
The ghostly flame explodes!
The ghostly fireball engulfs you!
You feel drained.
* * * LOW HITPOINT WARNING * * *
The ghostly fireball engulfs the wraith.
The wraith completely resists.
The ghostly fireball engulfs your spectral weapon.
Your spectral weapon completely resists.
The ghostly fireball engulfs Josephine.
Josephine completely resists.
Unknown command.
You closely miss the wraith.
The wraith is severely damaged.
Your spectral weapon closely misses the wraith.
The wraith closely misses you.
You riposte.
You barely miss the wraith. You bite the wraith, but do no damage.
The wraith is severely damaged.
Josephine hits you with a dagger.
* * * LOW HITPOINT WARNING * * *
You hit the wraith but do no damage.
The wraith is severely damaged.
Your spectral weapon barely misses the wraith.
The wraith hits you.
* * * LOW HITPOINT WARNING * * *
The wraith drains your vigour!
You feel yourself slow down. Josephine hits you but does no damage.
The wraith hits you!
* * * LOW HITPOINT WARNING * * *
The flow of time bends around you.
Cheibriados rebukes the wraith.
The wraith seems to slow down.
Your spectral weapon is unaffected.
Cheibriados rebukes Josephine.
Josephine seems to slow down.
You feel slightly more hungry. Josephine hits you but does no damage.
The wraith barely misses you.
You riposte.
You barely miss the wraith.
The wraith is severely damaged.
A hound skeleton comes into view.
Are you sure you want to abandon this character and quit the game? (Confirm with "yes".)

#.#..# #.#..#
##.##..
#######...#..#
..........#..#
#........##
#.........# ∆
#.......W(#
#........@# W
#......###@WZ....
######## #W.....
...... +.### #.#
∆ #.# #.


You could see Josephine, 3 wraiths, a hound skeleton (wandering) and a friendly
spectral scimitar of holy wrath.

Vanquished Creatures
  A two-headed ogre (D:9)
  4 death yaks (D:9)
  An ugly thing (D:10)
  Maurice (D:8)
  The ghost of Rhok the Skirmisher, a novice DsFi of Gozag (D:6)
  A hornet (D:9)
  Prince Ribbit (D:5)
  A spriggan (D:10)
  9 yaks
  2 orc warriors (D:10)
  2 ice beasts
  2 sky beasts
  2 black bears (D:9)
  A necrophage (D:8)
  An ogre (D:10)
  A phantom (D:7)
  3 centaurs
  A big kobold (D:8)
  A gnoll sergeant (D:9)
  2 bullfrogs
  2 scorpions
  8 wights
  A howler monkey (D:8)
  A crimson imp (D:6)
  A quasit (D:10)
  2 bullfrog skeletons
  A centaur skeleton (D:9)
  4 orc priests
  3 hounds
  A jelly (D:9)
  9 orc wizards
  An iguana (D:9)
  8 worker ants
  A hound skeleton (D:9)
  3 gnolls (D:9)
  8 adders
  An adder zombie (D:8)
  A worm (D:2)
  3 dart slugs
  2 leopard geckos
  21 orcs
  4 bats
  3 giant cockroaches
  2 hobgoblins
  6 jackals
  8 kobolds
  4 quokkas
  3 frilled lizards
  6 goblins
  A quokka skeleton (D:4)
  A rat (D:2)
158 creatures vanquished.

Vanquished Creatures (others)
  4 spectral weapons
4 creatures vanquished.

Grand Total: 162 creatures vanquished

Notes
Turn   | Place    | Note
-------+----------+-------------------------------------------
     0 | D:1      | tidbits the Gnoll Skald began the quest for the Orb.
     0 | D:1      | Reached XP level 1. HP: 20/20 MP: 6/6
    39 | D:1      | Reached XP level 2. HP: 18/26 MP: 1/7
    46 | D:1      | Learned a level 2 spell: Song of Slaying
    49 | D:1      | Learned a level 2 spell: Shroud of Golubria
   309 | D:2      | Reached XP level 3. HP: 29/31 MP: 9/9
   314 | D:2      | Learned a level 3 spell: Regeneration
   318 | D:2      | Learned a level 3 spell: Spectral Weapon
   335 | D:3      | Reached skill level 5 in Spellcasting
   336 | D:3      | Found a bloodstained altar of Trog.
   637 | D:3      | Noticed Ijustatesigmund's ghost (amateur SpEn)
   658 | D:3      | Reached skill level 1 in Short Blades
   658 | D:3      | Reached skill level 1 in Long Blades
   658 | D:3      | Reached skill level 1 in Maces & Flails
   658 | D:3      | Reached skill level 1 in Polearms
   658 | D:3      | Reached skill level 1 in Staves
   658 | D:3      | Reached skill level 1 in Slings
   658 | D:3      | Reached skill level 1 in Bows
   658 | D:3      | Reached skill level 1 in Crossbows
   658 | D:3      | Reached skill level 1 in Throwing
   658 | D:3      | Reached skill level 1 in Stealth
   658 | D:3      | Reached skill level 1 in Shields
   658 | D:3      | Reached skill level 1 in Unarmed Combat
   658 | D:3      | Reached skill level 1 in Conjurations
   658 | D:3      | Reached skill level 1 in Hexes
   658 | D:3      | Reached skill level 1 in Summonings
   658 | D:3      | Reached skill level 1 in Necromancy
   658 | D:3      | Reached skill level 1 in Translocations
   658 | D:3      | Reached skill level 1 in Transmutations
   658 | D:3      | Reached skill level 1 in Fire Magic
   658 | D:3      | Reached skill level 1 in Ice Magic
   658 | D:3      | Reached skill level 1 in Air Magic
   658 | D:3      | Reached skill level 1 in Earth Magic
   658 | D:3      | Reached skill level 1 in Poison Magic
   658 | D:3      | Reached skill level 1 in Invocations
   658 | D:3      | Reached skill level 1 in Evocations
   661 | D:3      | Reached XP level 4. HP: 34/38 MP: 7/11
   680 | D:4      | Reached XP level 5. HP: 30/43 MP: 0/12
   837 | D:4      | Reached skill level 3 in Armour
   923 | D:5      | Entered Level 5 of the Dungeon
  1107 | D:5      | Reached XP level 6. HP: 28/50 MP: 5/13
  1120 | D:5      | Found a sacrificial altar of Ru.
  1123 | D:5      | Found a glowing silver altar of Zin.
  1124 | D:5      | Found a shimmering altar of Xom.
  1142 | D:5      | Found a staircase to the Ecumenical Temple.
  1149 | Temple   | Entered the Ecumenical Temple
  1157 | Temple   | Became a worshipper of Cheibriados the Contemplative
  1195 | D:4      | Found Donkoleg's General Store.
  1196 | D:4      | Found Kiattyst's Gadget Shoppe.
  1198 | D:4      | Bought a wand of paralysis (9/24) for 132 gold pieces
  1315 | D:5      | Noticed Prince Ribbit
  1325 | D:5      | Killed Prince Ribbit
  1325 | D:5      | Reached skill level 5 in Fighting
  1325 | D:5      | Reached skill level 2 in Short Blades
  1325 | D:5      | Reached skill level 2 in Long Blades
  1325 | D:5      | Reached skill level 5 in Axes
  1325 | D:5      | Reached skill level 2 in Maces & Flails
  1325 | D:5      | Reached skill level 2 in Polearms
  1325 | D:5      | Reached skill level 2 in Staves
  1325 | D:5      | Reached skill level 2 in Slings
  1325 | D:5      | Reached skill level 2 in Bows
  1325 | D:5      | Reached skill level 2 in Crossbows
  1325 | D:5      | Reached skill level 2 in Throwing
  1325 | D:5      | Reached skill level 5 in Dodging
  1325 | D:5      | Reached skill level 2 in Stealth
  1325 | D:5      | Reached skill level 2 in Shields
  1325 | D:5      | Reached skill level 2 in Unarmed Combat
  1325 | D:5      | Reached skill level 2 in Conjurations
  1325 | D:5      | Reached skill level 2 in Hexes
  1325 | D:5      | Reached skill level 2 in Summonings
  1325 | D:5      | Reached skill level 2 in Necromancy
  1325 | D:5      | Reached skill level 2 in Translocations
  1325 | D:5      | Reached skill level 2 in Transmutations
  1325 | D:5      | Reached skill level 2 in Fire Magic
  1325 | D:5      | Reached skill level 2 in Ice Magic
  1325 | D:5      | Reached skill level 2 in Air Magic
  1325 | D:5      | Reached skill level 2 in Earth Magic
  1325 | D:5      | Reached skill level 2 in Poison Magic
  1325 | D:5      | Reached skill level 2 in Invocations
  1325 | D:5      | Reached skill level 2 in Evocations
  1325 | D:5      | Reached XP level 7. HP: 56/56 MP: 10/15
  1584 | D:8      | Found Dentep's General Store.
  1608 | D:8      | Bought a scroll of identify for 26 gold pieces
  1627 | D:8      | Reached skill level 7 in Charms
  1882 | D:6      | Reached XP level 8. HP: 35/63 MP: 10/16
  2057 | D:6      | Reached skill level 4 in Armour
  2088 | D:6      | Noticed Rhok's ghost (novice DsFi)
  2094 | D:6      | Reached skill level 3 in Short Blades
  2094 | D:6      | Reached skill level 3 in Long Blades
  2094 | D:6      | Reached skill level 3 in Maces & Flails
  2094 | D:6      | Reached skill level 3 in Polearms
  2094 | D:6      | Reached skill level 3 in Staves
  2094 | D:6      | Reached skill level 3 in Slings
  2094 | D:6      | Reached skill level 3 in Bows
  2094 | D:6      | Reached skill level 3 in Crossbows
  2094 | D:6      | Reached skill level 3 in Throwing
  2094 | D:6      | Reached skill level 3 in Stealth
  2094 | D:6      | Reached skill level 3 in Shields
  2094 | D:6      | Reached skill level 3 in Unarmed Combat
  2094 | D:6      | Reached skill level 3 in Conjurations
  2094 | D:6      | Reached skill level 3 in Hexes
  2094 | D:6      | Reached skill level 3 in Summonings
  2094 | D:6      | Reached skill level 3 in Necromancy
  2094 | D:6      | Reached skill level 3 in Translocations
  2094 | D:6      | Reached skill level 3 in Transmutations
  2094 | D:6      | Reached skill level 3 in Fire Magic
  2094 | D:6      | Reached skill level 3 in Ice Magic
  2094 | D:6      | Reached skill level 3 in Air Magic
  2094 | D:6      | Reached skill level 3 in Earth Magic
  2094 | D:6      | Reached skill level 3 in Poison Magic
  2094 | D:6      | Reached skill level 3 in Invocations
  2094 | D:6      | Reached skill level 3 in Evocations
  2098 | D:6      | Reached * piety under Cheibriados
  2103 | D:6      | Killed Rhok's ghost
  2103 | D:6      | Reached skill level 6 in Spellcasting
  2478 | D:8      | Reached XP level 9. HP: 33/69 MP: 15/18
  2483 | D:8      | Reached skill level 6 in Fighting
  2483 | D:8      | Reached skill level 6 in Axes
  2483 | D:8      | Reached skill level 6 in Dodging
  2487 | D:8      | Noticed Maurice
  2548 | D:8      | Killed Maurice
  2548 | D:8      | Reached skill level 4 in Short Blades
  2548 | D:8      | Reached skill level 4 in Long Blades
  2548 | D:8      | Reached skill level 4 in Maces & Flails
  2548 | D:8      | Reached skill level 4 in Polearms
  2548 | D:8      | Reached skill level 4 in Staves
  2548 | D:8      | Reached skill level 4 in Slings
  2548 | D:8      | Reached skill level 4 in Bows
  2548 | D:8      | Reached skill level 4 in Crossbows
  2548 | D:8      | Reached skill level 4 in Throwing
  2548 | D:8      | Reached skill level 4 in Stealth
  2548 | D:8      | Reached skill level 4 in Shields
  2548 | D:8      | Reached skill level 4 in Unarmed Combat
  2548 | D:8      | Reached skill level 4 in Conjurations
  2548 | D:8      | Reached skill level 4 in Hexes
  2548 | D:8      | Reached skill level 4 in Summonings
  2548 | D:8      | Reached skill level 4 in Necromancy
  2548 | D:8      | Reached skill level 4 in Translocations
  2548 | D:8      | Reached skill level 4 in Transmutations
  2548 | D:8      | Reached skill level 4 in Fire Magic
  2548 | D:8      | Reached skill level 4 in Ice Magic
  2548 | D:8      | Reached skill level 4 in Air Magic
  2548 | D:8      | Reached skill level 4 in Earth Magic
  2548 | D:8      | Reached skill level 4 in Poison Magic
  2548 | D:8      | Reached skill level 4 in Invocations
  2548 | D:8      | Reached skill level 4 in Evocations
  2642 | D:8      | Got an ichor-stained buckler
  2648 | D:8      | Identified the cursed +0 buckler of Objectivity {rPois rCorr} (You found it on level 8 of the Dungeon)
  2717 | D:9      | Reached ** piety under Cheibriados
  2735 | D:9      | Reached skill level 5 in Armour
  2744 | D:9      | Found a staircase to the Lair.
  2745 | D:9      | Noticed a death yak
  2802 | D:9      | Reached skill level 8 in Charms
  2804 | D:9      | HP: 7/70 [gnoll sergeant/trident (7)]
  2808 | D:9      | HP: 2/71 [gnoll/club (2)]
  2865 | D:9      | Noticed a death yak
  2890 | D:9      | Killed a death yak
  2890 | D:9      | Reached skill level 7 in Spellcasting
  2890 | D:9      | Reached XP level 10. HP: 10/77 MP: 15/20
  2896 | D:9      | Noticed a two-headed ogre
  2909 | D:9      | Killed a two-headed ogre
  2909 | D:9      | Reached skill level 5 in Short Blades
  2909 | D:9      | Reached skill level 5 in Long Blades
  2909 | D:9      | Reached skill level 5 in Maces & Flails
  2909 | D:9      | Reached skill level 5 in Polearms
  2909 | D:9      | Reached skill level 5 in Staves
  2909 | D:9      | Reached skill level 5 in Slings
  2909 | D:9      | Reached skill level 5 in Bows
  2909 | D:9      | Reached skill level 5 in Crossbows
  2909 | D:9      | Reached skill level 5 in Throwing
  2909 | D:9      | Reached skill level 5 in Stealth
  2909 | D:9      | Reached skill level 5 in Shields
  2909 | D:9      | Reached skill level 5 in Unarmed Combat
  2909 | D:9      | Reached skill level 5 in Conjurations
  2909 | D:9      | Reached skill level 5 in Hexes
  2909 | D:9      | Reached skill level 5 in Summonings
  2909 | D:9      | Reached skill level 5 in Necromancy
  2909 | D:9      | Reached skill level 5 in Translocations
  2909 | D:9      | Reached skill level 5 in Transmutations
  2909 | D:9      | Reached skill level 5 in Fire Magic
  2909 | D:9      | Reached skill level 5 in Ice Magic
  2909 | D:9      | Reached skill level 5 in Air Magic
  2909 | D:9      | Reached skill level 5 in Earth Magic
  2909 | D:9      | Reached skill level 5 in Poison Magic
  2909 | D:9      | Reached skill level 5 in Invocations
  2909 | D:9      | Reached skill level 5 in Evocations
  2922 | D:9      | Noticed a death yak
  2923 | D:9      | Noticed a death yak
  2933 | D:9      | Killed a death yak
  2933 | D:9      | Reached skill level 7 in Fighting
  2933 | D:9      | Reached skill level 7 in Axes
  2933 | D:9      | Reached skill level 7 in Dodging
  2939 | D:9      | Killed a death yak
  2939 | D:9      | Reached skill level 6 in Armour
  2942 | D:9      | Killed a death yak
  2951 | D:9      | HP: 6/79 [hornet (7)]
  3061 | D:9      | Reached XP level 11. HP: 76/84 MP: 22/22
  3097 | D:9      | Reached *** piety under Cheibriados
  3131 | D:10     | Entered Level 10 of the Dungeon
  3435 | D:10     | Noticed a purple ugly thing
  3447 | D:10     | Killed a purple ugly thing
  3447 | D:10     | Reached skill level 6 in Short Blades
  3447 | D:10     | Reached skill level 6 in Long Blades
  3447 | D:10     | Reached skill level 6 in Maces & Flails
  3447 | D:10     | Reached skill level 6 in Polearms
  3447 | D:10     | Reached skill level 6 in Staves
  3447 | D:10     | Reached skill level 6 in Slings
  3447 | D:10     | Reached skill level 6 in Bows
  3447 | D:10     | Reached skill level 6 in Crossbows
  3447 | D:10     | Reached skill level 6 in Throwing
  3447 | D:10     | Reached skill level 6 in Stealth
  3447 | D:10     | Reached skill level 6 in Shields
  3447 | D:10     | Reached skill level 6 in Unarmed Combat
  3447 | D:10     | Reached skill level 6 in Conjurations
  3447 | D:10     | Reached skill level 6 in Hexes
  3447 | D:10     | Reached skill level 9 in Charms
  3447 | D:10     | Reached skill level 6 in Summonings
  3447 | D:10     | Reached skill level 6 in Necromancy
  3447 | D:10     | Reached skill level 6 in Translocations
  3447 | D:10     | Reached skill level 6 in Transmutations
  3447 | D:10     | Reached skill level 6 in Fire Magic
  3447 | D:10     | Reached skill level 6 in Ice Magic
  3447 | D:10     | Reached skill level 6 in Air Magic
  3447 | D:10     | Reached skill level 6 in Earth Magic
  3447 | D:10     | Reached skill level 6 in Poison Magic
  3447 | D:10     | Reached skill level 6 in Invocations
  3447 | D:10     | Reached skill level 6 in Evocations
  3460 | D:10     | Reached skill level 8 in Spellcasting
  3532 | D:10     | Reached **** piety under Cheibriados
  3565 | D:10     | Noticed Josephine
  3574 | D:10     | Quit the game

Vault maps used:
D:1:      mrwooster_arrival_statue
D:2:      uniq_robin
D:3:      makhleb_heckhound_becter, first_bread, serial_co_window_serial,
          co_window_corner_a, co_window_paths_b, co_window_paths_b,
          co_window_paths_a, co_window_corner_a, co_window_broadway_a,
          co_window_corner_ca, co_window_2corner, co_window_corner_b,
          co_window_paths_e, glass_columns_c, glass_columns_c, glass_columns_b,
          bloody_trog
D:4:      serial_shops, shop, shop, shop, shop, shop
D:5:      minitemple, temple_fountains, uniq_prince_ribbit1, uniq_sigmund
D:6:      lemuel_old_faithful
D:8:      serial_shops, nicolae_shop_crystal, uniq_maurice
D:9:      dpeg_lair_monsters
D:10:     the_bakery, uniq_josephine
Temple:   eino_narrow_crystal_temple

Skill      XL: |  1  2  3  4  5  6  7  8  9 10 11 |
---------------+----------------------------------+-----
Spellcasting   | 5 6 7 8 |  8.0
Short Blades   | 1 2 3 4 5 6 |  6.1
Long Blades    | 1 2 3 4 5 6 |  6.1
Maces & Flails | 1 2 3 4 5 6 |  6.1
Polearms       | 1 2 3 4 5 6 |  6.1
Staves         | 1 2 3 4 5 6 |  6.1
Slings         | 1 2 3 4 5 6 |  6.1
Bows           | 1 2 3 4 5 6 |  6.1
Crossbows      | 1 2 3 4 5 6 |  6.1
Throwing       | 1 2 3 4 5 6 |  6.1
Stealth        | 1 2 3 4 5 6 |  6.1
Shields        | 1 2 3 4 5 6 |  6.1
Unarmed Combat | 1 2 3 4 5 6 |  6.1
Conjurations   | 1 2 3 4 5 6 |  6.1
Hexes          | 1 2 3 4 5 6 |  6.1
Summonings     | 1 2 3 4 5 6 |  6.1
Necromancy     | 1 2 3 4 5 6 |  6.1
Translocations | 1 2 3 4 5 6 |  6.1
Transmutations | 1 2 3 4 5 6 |  6.1
Fire Magic     | 1 2 3 4 5 6 |  6.1
Ice Magic      | 1 2 3 4 5 6 |  6.1
Air Magic      | 1 2 3 4 5 6 |  6.1
Earth Magic    | 1 2 3 4 5 6 |  6.1
Poison Magic   | 1 2 3 4 5 6 |  6.1
Invocations    | 1 2 3 4 5 6 |  6.1
Evocations     | 1 2 3 4 5 6 |  6.1
Armour         | 3 4 5 6 |  6.7
Fighting       | 5 6 7 |  7.7
Axes           | 5 6 7 |  7.7
Dodging        | 5 6 7 |  7.7
Charms         | 7 8 9 |  9.1

Action                   |  1- 3 |  4- 6 |  7- 9 | 10-12 || total
-------------------------+-------+-------+-------+-------++-------
Melee: Hand axe          |    64 |    60 |   141 |   121 ||   386
       Bite              |     3 |     8 |    26 |    31 ||    68
       Quarterstaff      |       |       |    23 |       ||    23
       Scimitar          |       |       |       |    10 ||    10
Throw: Tomahawk          |       |       |     3 |       ||     3
 Cast: Infusion          |     6 |     2 |       |       ||     8
       Spectral Weapon   |     5 |     6 |    21 |    17 ||    49
       Regeneration      |     1 |     2 |    12 |     8 ||    23
       Song of Slaying   |       |       |     4 |     1 ||     5
       Shroud of Golubri |       |       |     2 |     2 ||     4
Invok: Bend Time         |       |       |       |     5 ||     5
Evoke: Wand              |       |     1 |     9 |     8 ||    18
  Use: Scroll            |       |     3 |     8 |     2 ||    13
       Potion            |       |       |     3 |       ||     3
 Stab: Sleeping          |     1 |       |     1 |       ||     2
       Distracted        |     1 |       |     1 |     2 ||     4
       Paralysed         |       |     3 |     5 |     6 ||    14
  Eat: Chunk             |       |     2 |     5 |     3 ||    10
       Fruit             |       |       |     1 |       ||     1
Armor: Leather armour    |    11 |     5 |    25 |       ||    41
       Ring mail         |       |       |     1 |    33 ||    34
Dodge: Dodged            |    51 |    35 |   138 |    86 ||   310
Block: Buckler           |       |       |    16 |    45 ||    61
       Rpst.: Scimitar   |       |       |       |     3 ||     3

Table legend:
 A = Spawn XP
 B = Non-spawn XP
 C = Spawn XP percentage of total XP
 D = Spawn monster count
 E = Non-spawn monster count
 F = Spawn count percentage of total count
 G = Total turns spent on level
                    A         B        C        D         E        F      G
               +---------+---------+-------+---------+---------+-------+---------
         Total |       0 |   12598 |   0.0 |       0 |     158 |   0.0 |  3574
               +---------+---------+-------+---------+---------+-------+---------
           D:1 |       0 |      23 |   0.0 |       0 |      12 |   0.0 |   214
           D:2 |       0 |      45 |   0.0 |       0 |      15 |   0.0 |   380
           D:3 |       0 |      22 |   0.0 |       0 |       5 |   0.0 |    70
           D:4 |       0 |     192 |   0.0 |       0 |      17 |   0.0 |   364
           D:5 |       0 |     378 |   0.0 |       0 |       6 |   0.0 |   441
           D:6 |       0 |     976 |   0.0 |       0 |      11 |   0.0 |   354
           D:7 |       0 |     300 |   0.0 |       0 |       5 |   0.0 |   529
           D:8 |       0 |    1278 |   0.0 |       0 |      27 |   0.0 |   339
           D:9 |       0 |    6468 |   0.0 |       0 |      35 |   0.0 |   495
          D:10 |       0 |    2916 |   0.0 |       0 |      25 |   0.0 |   371
               +---------+---------+-------+---------+---------+-------+---------

Table legend:
 A = Turns spent in this place as a percentage of turns spent in the entire game.
 B = Non-inter-level travel turns spent in this place as a percentage of non-inter-level travel turns spent in the entire game.
 C = Inter-level travel turns spent in this place as a percentage of turns spent in this place.
 D = Turns resting spent in this place as a percentage of non-inter-level travel turns spent in this place.
 E = Turns spent auto-exploring this place as a percentage of non-inter-level travel turns spent in this place.
 F = Non-inter-level travel turns spent in this place divided by the number of levels of this place that you've seen.
                   A       B       C       D       E      F
               +-------+-------+-------+-------+-------+----------------------
         Total | 100.0 | 100.0 |   1.8 |   0.0 |   0.0 | 319.1
       Dungeon |  99.5 |  99.7 |   1.6 |   0.0 |   0.0 | 350.0
        Temple |   0.5 |   0.3 |  41.2 |   0.0 |   0.0 |  10.0
               +-------+-------+-------+-------+-------+----------------------

Table legend:
 A = Kills in this place as a percentage of kills in entire the game.
 B = Kills by you in this place as a percentage of kills by you in the entire game.
 C = Kills by friends in this place as a percentage of kills by friends in the entire game.
 D = Other kills in this place as a percentage of other kills in the entire game.
 E = Experience gained in this place as a percentage of experience gained in the entire game.
 F = Experience gained in this place divided by the number of levels of this place that you have seen.
                   A       B       C       D       E      F
               +-------+-------+-------+-------+-------+----------------------
         Total | 100.0 | 100.0 |   N/A |   N/A | 100.0 | 1145.3
       Dungeon | 100.0 | 100.0 |   N/A |   N/A | 100.0 | 1259.8
               +-------+-------+-------+-------+-------+----------------------

Vault maps used:
D:1:      mrwooster_arrival_statue
D:2:      uniq_robin
D:3:      makhleb_heckhound_becter, first_bread, serial_co_window_serial,
          co_window_corner_a, co_window_paths_b, co_window_paths_b,
          co_window_paths_a, co_window_corner_a, co_window_broadway_a,
          co_window_corner_ca, co_window_2corner, co_window_corner_b,
          co_window_paths_e, glass_columns_c, glass_columns_c, glass_columns_b,
          bloody_trog
D:4:      serial_shops, shop, shop, shop, shop, shop
D:5:      minitemple, temple_fountains, uniq_prince_ribbit1, uniq_sigmund
D:6:      lemuel_old_faithful
D:8:      serial_shops, nicolae_shop_crystal, uniq_maurice
D:9:      dpeg_lair_monsters
D:10:     the_bakery, uniq_josephine
Temple:   eino_narrow_crystal_temple
